 Dungeon Crawl Stone Soup version 0.25-a0-734-g73332aeda9 (webtiles) character file.

Game seed: 9367541968563603792, levelgen mode: deterministic

1451 tilp the Fighter (level 8, -3/71 HPs)
             Began as a Gnoll Wanderer on Apr 10, 2020.
             Slain by Pikel the ice beast (12 damage)
             ... on level 4 of the Dungeon.
             The game lasted 00:12:14 (6543 turns).

tilp the Fighter (Gnoll Wanderer)                   Turns: 6543, Time: 00:12:14

Health: -3/71      AC: 15    Str: 16    XL:     8   Next: 75%
Magic:  22/22      EV:  6    Int: 17    God:
Gold:   287        SH:  0    Dex: 13    Spells: 13/13 levels left

rFire    . . .     SeeInvis .   a - +0 war axe
rCold    . . .     Gourm    .   (no shield)
rNeg     . . .     Faith    .   r - +0 plate armour
rPois    .         Spirit   .   q - +0 helmet
rElec    .         Reflect  .   m - +1 cloak
rCorr    .         Harm     .   (no gloves)
MR       .....                  (no boots)
Stlth    ..........             (no amulet)
HPRegen  0.21/turn              l - ring of magical power
MPRegen  0.18/turn              C - ring of attention (curse)

@: no status effects
A: distributed training, fangs 1, strong nose
a: no special abilities


You were on level 4 of the Dungeon.
You were hungry.

You visited 1 branch of the dungeon, and saw 5 of its levels.

You collected 287 gold pieces.

Inventory:

Hand Weapons
 a - a +0 war axe (weapon)
 e - a +1 short sword of draining
 h - a cursed +0 flail
 s - a +2 hand axe
 B - a +0 halberd of protection
Missiles
 y - 7 poisoned darts (quivered)
 z - 6 curare-tipped darts
 A - 2 throwing nets {!f}
Armour
 m - a +1 cloak (worn)
 q - a +0 helmet (worn)
 r - a +0 plate armour (worn)
 u - a +2 leather armour of fire resistance
Jewellery
 g - an uncursed ring of teleportation
 l - a ring of magical power (left hand)
 C - a cursed ring of attention (right hand)
Wands
 d - a wand of flame (21)
 E - a wand of polymorph (8)
Scrolls
 b - a scroll of enchant armour {unknown}
 c - 2 scrolls of identify
 j - a scroll of random uselessness {unknown}
 t - a scroll of enchant weapon {unknown}
 x - a scroll of teleportation {unknown}
 D - a scroll of blinking {unknown}
Potions
 k - a potion of lignification
 n - a potion of stabbing
 o - 3 potions of flight
 p - a potion of heal wounds
 v - a potion of curing
 w - a potion of resistance
Comestibles
 f - 9 rations
 i - a chunk of flesh


   Skills:
 + Level 9.2 Fighting
 + Level 3.4 Short Blades
 + Level 3.4 Long Blades
 + Level 4.4 Axes
 + Level 3.4 Maces & Flails
 + Level 3.4 Polearms
 + Level 3.4 Staves
 + Level 3.4 Slings
 + Level 5.8 Bows
 + Level 3.4 Crossbows
 + Level 4.4 Throwing
 + Level 4.4 Armour
 + Level 3.4 Dodging
 + Level 3.4 Stealth
 + Level 3.4 Shields
 + Level 3.4 Unarmed Combat
 + Level 3.4 Spellcasting
 + Level 2.8 Conjurations
 + Level 2.8 Hexes
 + Level 2.8 Charms
 + Level 2.8 Summonings
 + Level 2.8 Necromancy
 + Level 2.8 Translocations
 + Level 2.8 Transmutations
 + Level 2.8 Fire Magic
 + Level 2.8 Ice Magic
 + Level 2.8 Air Magic
 + Level 2.8 Earth Magic
 + Level 2.8 Poison Magic
 + Level 3.8 Invocations
 + Level 4.4 Evocations


You had 13 spell levels left.
You didn't know any spells.
Your spell library was empty.

Dungeon Overview and Level Annotations

Branches:
Dungeon (5/15)
 Temple: D:4-7

Altars:
Uskayaw

Annotations:
D:4 Pikel
D:5 Sigmund


Innate Abilities, Weirdness & Mutations

Your experience applies equally to all skills.
You have very sharp teeth.
Your uncanny sense of smell can sniff out nearby items.


Message History

Pikel is severely wounded.
Pikel hits you.
* * * LOW HITPOINT WARNING * * *
Pikel freezes you!
* * * LOW HITPOINT WARNING * * *
You hit Pikel but do no damage.
Pikel is severely wounded.
Pikel barely misses you.
You hit Pikel but do no damage. You bite Pikel, but do no damage.
Pikel is severely wounded.
Pikel hits you but does no damage.
You hit Pikel but do no damage. Your bite misses Pikel.
Pikel is severely wounded.
Pikel hits you but does no damage. x2
You hit Pikel but do no damage.
Pikel is severely wounded.
Pikel hits you.
* * * LOW HITPOINT WARNING * * *
Pikel freezes you!
You die...

#.# #.##......#####...... #.#
#.##......# #...... #.#
#.##......# #...... #)#
#.######### #......
######.######.# ##.....
..............# ##########.....
######.############.......##.....
##....#####.Y..#.......##.....
#.........+..@................
#.......###...................
#........#######.......#......
#......................#......
#........####...(......#...#..
##.......# #...###...........
#.......# #.### #.######....
#.......####.# #...........
#..#.........#########.####.#


You could see Pikel the ice beast.

Vanquished Creatures
  Grinder (D:3)
  Duvessa (D:5)
  An orc warrior (D:2)
  2 slaves (D:5)
  A sky beast (D:5)
  2 ogres (D:4)
  The ghost of Thantalas the Digger, an amateur GrEE (D:3)
  Blork the orc (D:5)
  Dowan (D:5)
  A scorpion (D:5)
  2 orc wizards (D:5)
  2 orc priests (D:3)
  Ijyb (D:5)
  2 iguanas
  2 worker ants (D:4)
  Natasha (thrice) (D:4)
  Robin (D:3)
  4 adders
  4 gnolls (D:4)
  An ooze (D:1)
  3 worms
  2 dart slugs (D:1)
  4 leopard geckos
  11 orcs
  2 ball pythons
  9 bats
  4 giant cockroaches
  19 goblins
  23 hobgoblins
  7 jackals
  3 quokkas
  3 frilled lizards
  19 kobolds
  A leopard gecko zombie (D:5)
  A quokka skeleton (D:5)
  7 rats
152 creatures vanquished.

Vanquished Creatures (others)
  An orc wizard (D:5)
  A howler monkey skeleton (D:4)
  An orc (D:5)
3 creatures vanquished.

Grand Total: 155 creatures vanquished

Notes
Turn   | Place    | Note
-------+----------+-------------------------------------------
     0 | D:1      | tilp the Gnoll Wanderer began the quest for the Orb.
     0 | D:1      | tilp set off with the following items: a +2 hand axe, a +0
                  | ring mail, a +0 shortbow, 25 arrows, a ration
     0 | D:1      | Reached XP level 1. HP: 26/26 MP: 2/2
    43 | D:1      | Reached XP level 2. HP: 32/33 MP: 3/3
   469 | D:1      | Reached XP level 3. HP: 18/38 MP: 4/4
  1238 | D:2      | Reached skill level 1 in Invocations
  1916 | D:3      | Found a runed translucent door.
  1916 | D:3      | Noticed Robin
  1920 | D:3      | Reached skill level 1 in Short Blades
  1920 | D:3      | Reached skill level 1 in Long Blades
  1920 | D:3      | Reached skill level 1 in Maces & Flails
  1920 | D:3      | Reached skill level 1 in Polearms
  1920 | D:3      | Reached skill level 1 in Staves
  1920 | D:3      | Reached skill level 1 in Slings
  1920 | D:3      | Reached skill level 1 in Crossbows
  1920 | D:3      | Reached skill level 1 in Dodging
  1920 | D:3      | Reached skill level 1 in Stealth
  1920 | D:3      | Reached skill level 1 in Shields
  1920 | D:3      | Reached skill level 1 in Unarmed Combat
  1920 | D:3      | Reached skill level 1 in Spellcasting
  1928 | D:3      | Reached XP level 4. HP: 42/45 MP: 6/6
  2243 | D:3      | Killed Robin
  2243 | D:3      | Reached skill level 1 in Conjurations
  2243 | D:3      | Reached skill level 1 in Hexes
  2243 | D:3      | Reached skill level 1 in Charms
  2243 | D:3      | Reached skill level 1 in Summonings
  2243 | D:3      | Reached skill level 1 in Necromancy
  2243 | D:3      | Reached skill level 1 in Translocations
  2243 | D:3      | Reached skill level 1 in Transmutations
  2243 | D:3      | Reached skill level 1 in Fire Magic
  2243 | D:3      | Reached skill level 1 in Ice Magic
  2243 | D:3      | Reached skill level 1 in Air Magic
  2243 | D:3      | Reached skill level 1 in Earth Magic
  2243 | D:3      | Reached skill level 1 in Poison Magic
  2438 | D:3      | Noticed an orc warrior
  2721 | D:2      | Killed an orc warrior
  2721 | D:2      | Reached XP level 5. HP: 51/51 MP: 7/7
  2792 | D:3      | Reached XP level 6. HP: 13/57 MP: 8/8
  3161 | D:3      | Noticed Grinder
  3215 | D:3      | Killed Grinder
  3215 | D:3      | Reached skill level 5 in Bows
  3215 | D:3      | Reached XP level 7. HP: 16/63 MP: 10/10
  3506 | D:3      | Noticed Thantalas's ghost (amateur GrEE)
  3536 | D:3      | Killed Thantalas's ghost
  3993 | D:4      | Noticed Natasha
  4001 | D:4      | Killed Natasha
  4010 | D:4      | Noticed Natasha
  4020 | D:4      | Killed Natasha
  4027 | D:4      | Noticed Natasha
  4031 | D:4      | Killed Natasha
  4031 | D:4      | Reached skill level 9 in Fighting
  4182 | D:4      | Noticed a +0 hand axe
  4184 | D:4      | Noticed a +0 hand axe
  4187 | D:4      | Found a hide-covered altar of Uskayaw.
  4615 | D:4      | Reached XP level 8. HP: 44/71 MP: 12/12
  5528 | D:5      | Entered Level 5 of the Dungeon
  5890 | D:5      | Noticed Blork the orc
  5902 | D:5      | Killed Blork the orc
  6093 | D:5      | Noticed Duvessa
  6093 | D:5      | Noticed Dowan
  6133 | D:5      | Killed Duvessa
  6142 | D:5      | Killed Dowan
  6467 | D:5      | Noticed Pikel
  6467 | D:5      | Noticed Ijyb
  6491 | D:5      | Noticed Sigmund
  6502 | D:5      | Killed Ijyb
  6514 | D:5      | Noticed Pikel
  6514 | D:5      | Pikel changed into Pikel the ice beast
  6543 | D:4      | Slain by Pikel the ice beast

Levels and vault maps discovered:
D:1:      saegor_arrival_simple_d, layout_basic, minmay_misc_feat_hallway,
          minmay_pentomino_t2
D:2:      layout_loops_cross, first_ration
D:3:      layout_loops_cross, ebering_ghost_sewer_d, uniq_grinder, uniq_robin
D:4:      corexii_shantytown, layout_basic, dancing_weapons_uskayaw,
          uniq_natasha
D:5:      kennysheep_big_flooded_room, layout_basic, kennysheep_boxes,
          uniq_pikel, uniq_blork_the_orc, uniq_duvessa, uniq_ijyb, uniq_sigmund

Skill      XL: |  1  2  3  4  5  6  7  8 |
---------------+-------------------------+-----
Invocations    | 1 2 3 |  3.8
Short Blades   | 1 2 3 |  3.4
Long Blades    | 1 2 3 |  3.4
Maces & Flails | 1 2 3 |  3.4
Polearms       | 1 2 3 |  3.4
Staves         | 1 2 3 |  3.4
Slings         | 1 2 3 |  3.4
Crossbows      | 1 2 3 |  3.4
Dodging        | 1 2 3 |  3.4
Stealth        | 1 2 3 |  3.4
Shields        | 1 2 3 |  3.4
Unarmed Combat | 1 2 3 |  3.4
Spellcasting   | 1 2 3 |  3.4
Conjurations   | 1 2 |  2.8
Hexes          | 1 2 |  2.8
Charms         | 1 2 |  2.8
Summonings     | 1 2 |  2.8
Necromancy     | 1 2 |  2.8
Translocations | 1 2 |  2.8
Transmutations | 1 2 |  2.8
Fire Magic     | 1 2 |  2.8
Ice Magic      | 1 2 |  2.8
Air Magic      | 1 2 |  2.8
Earth Magic    | 1 2 |  2.8
Poison Magic   | 1 2 |  2.8
Axes           | 3 4 |  4.4
Throwing       | 3 4 |  4.4
Armour         | 3 4 |  4.4
Evocations     | 3 4 |  4.4
Bows           | 5 |  5.8
Fighting       | 9 |  9.2

Action                   |  1- 3 |  4- 6 |  7- 9 || total
-------------------------+-------+-------+-------++-------
Melee: Hand axe          |   104 |     3 |       ||   107
       Bite              |     9 |    13 |    43 ||    65
       War axe           |       |   101 |   320 ||   421
       Short sword       |       |    25 |       ||    25
       Punch             |       |       |     2 ||     2
       Unarmed           |       |       |     8 ||     8
Throw: Dart              |       |     6 |    15 ||    21
       Throwing net      |       |     2 |     1 ||     3
Evoke: Wand              |       |       |     2 ||     2
  Use: Scroll            |     1 |     1 |     5 ||     7
       Potion            |       |     2 |     2 ||     4
 Stab: Sleeping          |       |     1 |     8 ||     9
       Held in net/web   |       |     1 |       ||     1
  Eat: Chunk             |     3 |     4 |    11 ||    18
Armor: Ring mail         |    42 |       |       ||    42
       Leather armour    |     2 |    37 |    41 ||    80
       Skin              |     1 |     3 |     1 ||     5
       Plate armour      |       |       |   152 ||   152
Dodge: Dodged            |    57 |    82 |   160 ||   299

Table legend:
 A = Non-vault XP
 B = Vault XP
 C = Vault XP percentage of total XP
 D = Non-vault monster count
 E = Vault monster count
 F = Vault count percentage of total count
                 A         B        C        D         E       F
            +---------+---------+-------+---------+---------+-------
      Total |    1154 |     919 |  44.3 |      96 |      57 |  37.3
            +---------+---------+-------+---------+---------+-------
        D:1 |      35 |       1 |   2.8 |      15 |       1 |   6.2
        D:2 |     160 |       0 |   0.0 |      16 |       0 |   0.0
        D:3 |     158 |     421 |  72.7 |      36 |      14 |  28.0
        D:4 |     434 |     156 |  26.4 |      13 |      37 |  74.0
        D:5 |     367 |     341 |  48.2 |      16 |       5 |  23.8
            +---------+---------+-------+---------+---------+-------
